AoeStats
← Maty

MegaRandom

510395872Analyzed
4v4 RM · 18h ago on Sep 30, 2026· 23m 16s· 8 players
Game mode
Random Map
Map size
Large (8 player)
Population
200
Speed
Normal
Resources
Standard
Victory
Conquest
Starting age
Dark Age
Ending age
Imperial Age
RankedLock teamsTeams togetherTeam positionsShared explorationLock speedFull tech treeHidden civsTurbo modeCheats
Victory
Defeat
🇺🇸 Goths · United States
1504
+15
🇩🇪 Cumans · Germany
1490
+16
🇪🇨 Poles · Ecuador
1489
+16
🇨🇱 Burmese · Chile
1451
+18
🇨🇦 Malay · Canada
1545
-19
🇺🇸 Wei · United States
1507
-17
🇧🇷 Burgundians · Brazil
1463
-15
🇺🇸 Khmer · United States
1445
-14
mxrider971
6:55 Loom
9:06 Feudal Age
9:42 Double-Bit Axe
9:41 Man-at-Arms
12:19 Horse Collar
15:41 Scale Mail Armor
22:52 Castle Age
23:00 Long Swordsman
23:40 Squires
23:38 Double-Bit Axe
b4ron1
3:58 Loom
10:39 Feudal Age
11:37 Double-Bit Axe
12:03 Horse Collar
14:02 Fishing Lines
18:38 Castle Age
17:54 Fletching
18:04 Padded Archer Armor
19:19 Bloodlines
19:49 Wheelbarrow
20:03 Bodkin Arrow
22:24 Bow Saw
23:14 Thumb Ring
Maty
8:31 Loom
10:48 Feudal Age
11:35 Double-Bit Axe
12:14 Fishing Lines
13:34 Town Watch
14:13 Horse Collar
16:33 Gold Mining
20:19 Castle Age
18:57 Forging
19:39 Scale Barding Armor
19:45 Bloodlines
20:37 Light Cavalry
21:39 Chain Barding Armor
22:20 Husbandry
Hennessy
4:16 Loom
10:22 Feudal Age
10:53 Horse Collar
12:32 Forging
14:53 Town Watch
18:11 Wheelbarrow
21:36 Castle Age
19:43 Gold Mining
21:20 Bloodlines
21:17 Scale Barding Armor
23:23 Iron Casting
boo
4:47 Loom
10:46 Feudal Age
15:24 Castle Age
13:44 Double-Bit Axe
13:45 Horse Collar
14:46 Stone Mining
16:20 Bow Saw
17:58 Heavy Plow
championqc82
2:56 Loom
11:27 Feudal Age
11:13 Double-Bit Axe
17:22 Castle Age
17:56 Fletching
20:08 Wheelbarrow
20:37 Fishing Lines
|TheCore| MADKILLER!!!
9:35 Loom
12:04 Feudal Age
14:58 Double-Bit Axe
20:44 Castle Age
19:12 Fletching
19:14 Horse Collar
20:46 Crossbowman
Fs.Emmanuel
3:38 Double-Bit Axe
6:17 Loom
10:16 Wheelbarrow
12:29 Feudal Age
13:26 Bow Saw
16:08 Town Watch
21:10 Castle Age
Connection lost

Rejoining the realm…

Still unreachable

The connection could not be restored.

Session expired

The server has moved on; the page needs a fresh start.